Los Angeles Kings vs Vegas Golden Knights

Created - Friday, November 21, 2025 at 08:10

Goals
1 2 3 T
Los Angeles Kings 0 3 3 6
Vegas Golden Knights 1 2 1 4
Shots
1 2 3 T
Los Angeles Kings 5 13 16 34
Vegas Golden Knights 12 12 16 40

1st period

1. Vegas Golden Knights , Anthony Mantha 13 (Andreas Athanasiou 20) at 7:01

Penalties :
Jack Johnson (VGK) for Fighting (Major) at 1:32, Mikey Eyssimont (LAK) for Fighting (Major) at 1:32, Mikey Eyssimont (LAK) for instigated a fight (Minor) at 1:32, Mikey Eyssimont (LAK) for instigated a fight (10 Minutes Misconduct) at 1:32, Owen Power (LAK) for Hooking (Minor) at 8:09, Vitali Kravtsov (LAK) for High sticking (Minor) at 13:31

2nd period

2. Los Angeles Kings , Andrei Svechnikov 24 (MacKenzie Weegar 36) at 5:06
3. Los Angeles Kings , Logan Cooley 36 (Joseph Veleno 16) at 8:35
4. Los Angeles Kings , Logan Cooley 37 (Jansen Harkins 16) at 11:09
5. Vegas Golden Knights , Reilly Smith 7 (Bryan Rust 45, Auston Matthews 49) at 12:09 (PP)
6. Vegas Golden Knights , Bryan Rust 32 (Reilly Smith 14, Anthony Mantha 19) at 13:20 (PP)

Penalties :
Vitali Kravtsov (LAK) for High sticking (Minor) at 5:33, Sean Monahan (VGK) for Interference (Minor) at 9:35, Andrei Svechnikov (LAK) for Hooking (Minor) at 10:31, Matthew Boldy (LAK) for Roughing (Minor) at 12:20, Roman Josi (VGK) for Cross-checking (Minor) at 17:02

3rd period

7. Los Angeles Kings , Logan Cooley 38 (MacKenzie Weegar 37) at 0:16
8. Los Angeles Kings , Andrei Svechnikov 25 (Seth Jarvis 59) at 8:49 (SH)
9. Vegas Golden Knights , Jared McCann 30 (Tyler Toffoli 46, Mathew Barzal 17) at 9:19 (PP)
10. Los Angeles Kings , Matthew Boldy 38 (Seth Jarvis 60, Andrei Kuzmenko 28) at 18:56 (Empty Net)

Penalties :
Mathieu Olivier (VGK) for Fighting (Major) at 4:21, Mikey Eyssimont (LAK) for Fighting (Major) at 4:21, Vitali Kravtsov (LAK) for Holding (Minor) at 8:04

Goalie Stats

Andrei Vasilevskiy (LAK), 36 saves from 40 shots - (0.900), W, 19-23-2, 60:00 minutes
Sergei Bobrovsky (VGK), 28 saves from 33 shots - (0.848), L, 23-16-4, 59:34 minutes

Players Stats for Los Angeles Kings

Player Name              G  A  P  +/- PIM S  H  SB GA TA FO     MP     PP MP  PK MP  
------------------------------------------------------------------------------------
Alex Gallant             0  0  0   0  0   0  2  0  0  0  0/0     6:47   0:00   0:00 
Alexander Romanov        0  0  0   0  0   0  0  0  0  1  0/0    14:36   0:00   0:31 
Andrei Kuzmenko          0  1  1   0  0   1  1  0  1  0  0/4    16:24   1:32   1:10 
Andrei Svechnikov        2  0  2   2  2   3  1  2  0  0  0/4    20:35   1:22   4:50 
Andrew Copp              0  0  0   2  0   2  0  0  0  0  0/0    12:56   0:00   0:00 
Charlie McAvoy           0  0  0   2  0   1  0  3  0  0  0/0    16:20   0:00   0:04 
Cooper Marody            0  0  0   0  0   0  0  0  0  0  0/0     6:47   0:00   0:00 
Jansen Harkins           0  1  1   1  0   1  2  0  1  0  6/15   14:11   1:32   0:00 
Joseph Veleno            0  1  1   2  0   1  3  1  0  0  10/20  13:39   0:00   0:16 
K'Andre Miller           0  0  0   1  0   3  1  2  1  0  0/0    23:36   1:54   5:40 
Logan Cooley             3  0  3   3  0   9  2  1  1  0  2/8    19:53   1:32   5:05 
MacKenzie Weegar         0  2  2   1  0   0  1  2  0  1  0/0    24:28   1:54   5:56 
Matthew Boldy            1  0  1   1  2   3  3  0  0  0  0/2    20:28   1:23   4:57 
Mikey Eyssimont          0  0  0   0  22  2  2  0  0  0  1/4     4:12   0:00   0:00 
Owen Power               0  0  0   2  2   1  1  0  0  1  0/0    19:32   1:01   4:05 
Ryan Suter               0  0  0   4  0   1  0  1  0  0  0/0    21:53   1:01   5:16 
Seth Jarvis              0  2  2   2  0   6  2  0  0  1  3/10   20:26   1:23   5:14 
Vitali Kravtsov          0  0  0   0  6   0  0  0  0  0  0/0    11:20   0:00   0:00 

Players Stats for Vegas Golden Knights

Player Name              G  A  P  +/- PIM S  H  SB GA TA FO     MP     PP MP  PK MP  
------------------------------------------------------------------------------------
Andreas Athanasiou       0  1  1   1  0   1  1  0  0  1  7/8     9:58   0:00   1:15 
Anthony Mantha           1  1  2   0  0   5  1  0  0  0  1/1    13:24   5:23   0:00 
Auston Matthews          0  1  1  -3  0   5  1  0  0  0  6/7    19:08   5:26   0:00 
Bryan Rust               1  1  2  -3  0   2  2  0  0  0  2/2    18:38   5:08   0:14 
Erik Johnson             0  0  0  -1  0   1  0  1  0  0  0/0    12:26   0:00   0:00 
Jack Johnson             0  0  0  -1  5   2  0  0  0  1  0/0    12:01   0:00   1:33 
Jared McCann             1  0  1  -2  0   4  1  0  0  0  2/4    18:51   5:14   0:00 
Jordan Staal             0  0  0  -1  0   2  1  1  0  0  8/12   12:47   0:06   1:26 
Mathew Barzal            0  1  1  -1  0   2  1  0  0  0  0/0    17:14   5:25   0:11 
Mathieu Olivier          0  0  0   1  5   4  0  0  0  0  0/0     9:47   0:06   1:15 
Mika Zibanejad           0  0  0  -2  0   2  3  0  0  0  7/13   16:47   0:18   1:29 
Reilly Smith             1  1  2  -2  0   3  2  0  0  0  0/0    16:00   5:08   0:00 
Roman Josi               0  0  0  -1  2   1  4  3  0  0  0/0    21:41   5:19   0:31 
Sean Monahan             0  0  0  -1  2   4  1  1  1  1  11/19  17:33   5:32   0:00 
Thomas Chabot            0  0  0  -3  0   0  1  1  0  0  0/0    26:30   5:27   1:36 
Travis Hamonic           0  0  0  -3  0   0  0  1  0  1  0/0    15:55   0:04   1:19 
Tyler Toffoli            0  1  1  -2  0   1  2  0  3  0  1/1    17:53   5:14   0:00 
Zach Bogosian            0  0  0   0  0   1  1  2  0  0  0/0    19:25   0:00   0:51 

3 Stars

1 - Logan Cooley (LAK)
2 - Andrei Svechnikov (LAK)
3 - Seth Jarvis (LAK)

Power Play

Los Angeles Kings - 0 on 2 Attempt(s) - 0.00%
Vegas Golden Knights - 3 on 7 Attempt(s) - 42.86%

Penalty Kill

Los Angeles Kings - 4 on 7 Attempt(s) - 57.14% - Score 1 goal in Penalty Kill
Vegas Golden Knights - 2 on 2 Attempt(s) - 100.00% - Score 0 goal in Penalty Kill

Team Stat

Los Angeles Kings - Hits : 21 - Faceoff Wins : 22 - Blocked Shots : 12 - Penalty Minutes : 34
Vegas Golden Knights - Hits : 22 - Faceoff Wins : 45 - Blocked Shots : 10 - Penalty Minutes : 14

Official

Referees : Jordan Samuels and Wes Mccauley
Linesman : Derek Nansen and Tommy Hughes

Game Notes

Jack Johnson and Mikey Eyssimont fight to a draw at 1:32 of 1st period
Logan Cooley has scored a Hat Trick!
Mathieu Olivier and Mikey Eyssimont fight to a draw at 4:21 of 3rd period
Matthew Boldy has scored in a empty net!

Finance

Level 1 -- Attendance: 5805 (96.75%) -- Ticket Income $551,475
Level 2 -- Attendance: 4634 (92.68%) -- Ticket Income $254,870
Level 3 -- Attendance: 3000 (100.00%) -- Ticket Income $90,000
Level 4 -- Attendance: 5000 (100.00%) -- Ticket Income $100,000
Luxury Box -- Attendance: 1000 (100.00%) -- Ticket Income $190,000
Game was played at the T-Mobile Arena.
Total Attendance: 19439 (97.20%)
Total Ticket Income: $1,186,345
Other Income: $415,221
Total Income: $1,601,566

Los Angeles Kings

5 vs 5 Forward 
   Center                   Left Wing                Right Wing               Time % Phy DF OF 
 1 Seth Jarvis              Matthew Boldy            Andrei Svechnikov        30     1   2  2  
 2 Joseph Veleno            Logan Cooley             Andrew Copp              30     1   2  2  
 3 Jansen Harkins           Andrei Kuzmenko          Vitali Kravtsov          25     1   2  2  
 4 Mikey Eyssimont          Cooper Marody            Alex Gallant             15     1   2  2  

5 vs 5 Defense 
   Defense                  Defense                                           Time % Phy DF OF 
 1 MacKenzie Weegar         K'Andre Miller                                    35     1   2  2  
 2 Charlie McAvoy           Ryan Suter                                        35     1   2  2  
 3 Alexander Romanov        Owen Power                                        30     1   2  2  
 4 MacKenzie Weegar         Ryan Suter                                        0      1   2  2  

PowerPlay Forward 
   Center                   Left Wing                Right Wing               Time % Phy DF OF 
 1 Seth Jarvis              Matthew Boldy            Andrei Svechnikov        50     1   2  2  
 2 Andrei Kuzmenko          Logan Cooley             Jansen Harkins           50     1   2  2  

PowerPlay Defense
   Defense                  Defense                                           Time % Phy DF OF 
 1 MacKenzie Weegar         K'Andre Miller                                    50     1   2  2  
 2 Owen Power               Ryan Suter                                        50     1   2  2  

Penalty Kill 4 Players Forward 
   Center                   Wing                     Time % Phy DF OF 
 1 Logan Cooley             Matthew Boldy            50     1   2  2  
 2 Andrei Svechnikov        Seth Jarvis              50     1   2  2  

Penalty Kill 4 Players Defense
   Defense                  Defense                  Time % Phy DF OF 
 1 MacKenzie Weegar         K'Andre Miller           50     1   2  2  
 2 Owen Power               Ryan Suter               50     1   2  2  

Penalty Kill - 3 Players Forward 
   Forward                                           Time % Phy DF OF 
 1 Andrei Svechnikov                                 50     1   2  2  
 2 Matthew Boldy                                     50     1   2  2  

Penalty Kill - 3 Players Defense
   Defense                  Defense                  Time % Phy DF OF 
 1 MacKenzie Weegar         Charlie McAvoy           50     1   2  2  
 2 Owen Power               Ryan Suter               50     1   2  2  

4 vs 4 Forward 
   Center                   Wing                     Time % Phy DF OF 
 1 Andrei Kuzmenko          Matthew Boldy            50     1   2  2  
 2 Andrei Svechnikov        Logan Cooley             50     1   2  2  

4 vs 4 Defense
   Defense                  Defense                  Time % Phy DF OF 
 1 MacKenzie Weegar         Charlie McAvoy           50     1   2  2  
 2 Owen Power               Ryan Suter               50     1   2  2  

Last Minutes Offensive
   Center                   Left Wing                Right Wing               Defense                  Defense                  
   Seth Jarvis              Matthew Boldy            Andrei Svechnikov        MacKenzie Weegar         K'Andre Miller           

Last Minutes Defensive
   Center                   Left Wing                Right Wing               Defense                  Defense                  
   Seth Jarvis              Matthew Boldy            Andrei Svechnikov        MacKenzie Weegar         K'Andre Miller           

Goaltenders
Starting : Andrei Vasilevskiy       
Backup : Carl Lindbom             

Extra Forwards
Normal : Andrei Kuzmenko, Jansen Harkins, Andrei Svechnikov - PP : Andrei Kuzmenko, Jansen Harkins - PK : Matthew Boldy
Extra Defensemen
Normal : MacKenzie Weegar, Owen Power, Ryan Suter - PP : MacKenzie Weegar - PK : Owen Power, MacKenzie Weegar
Penalty Shots
Jansen Harkins, Matthew Boldy, Andrei Svechnikov, Seth Jarvis, Logan Cooley

Scratches
Evander Kane (Healthy), Jakub Zboril (Healthy)

Vegas Golden Knights

5 vs 5 Forward 
   Center                   Left Wing                Right Wing               Time % Phy DF OF 
 1 Mika Zibanejad           Auston Matthews          Bryan Rust               30     1   2  2  
 2 Sean Monahan             Jared McCann             Tyler Toffoli            30     1   2  2  
 3 Jordan Staal             Mathew Barzal            Reilly Smith             25     1   2  2  
 4 Andreas Athanasiou       Mathieu Olivier          Anthony Mantha           15     1   2  2  

5 vs 5 Defense 
   Defense                  Defense                                           Time % Phy DF OF 
 1 Roman Josi               Zach Bogosian                                     30     1   2  2  
 2 Thomas Chabot            Travis Hamonic                                    30     1   2  2  
 3 Jack Johnson             Erik Johnson                                      25     1   2  2  
 4 Thomas Chabot            Zach Bogosian                                     15     1   2  2  

PowerPlay Forward 
   Center                   Left Wing                Right Wing               Time % Phy DF OF 
 1 Auston Matthews          Reilly Smith             Bryan Rust               50     1   2  2  
 2 Sean Monahan             Jared McCann             Tyler Toffoli            50     1   2  2  

PowerPlay Defense
   Defense                  Defense                                           Time % Phy DF OF 
 1 Roman Josi               Mathew Barzal                                     50     1   2  2  
 2 Thomas Chabot            Anthony Mantha                                    50     1   2  2  

Penalty Kill 4 Players Forward 
   Center                   Wing                     Time % Phy DF OF 
 1 Mika Zibanejad           Jordan Staal             50     1   2  2  
 2 Andreas Athanasiou       Mathieu Olivier          50     1   2  2  

Penalty Kill 4 Players Defense
   Defense                  Defense                  Time % Phy DF OF 
 1 Thomas Chabot            Roman Josi               50     1   2  2  
 2 Travis Hamonic           Jack Johnson             50     1   2  2  

Penalty Kill - 3 Players Forward 
   Forward                                           Time % Phy DF OF 
 1 Jordan Staal                                      50     1   2  2  
 2 Andreas Athanasiou                                50     1   2  2  

Penalty Kill - 3 Players Defense
   Defense                  Defense                  Time % Phy DF OF 
 1 Thomas Chabot            Erik Johnson             50     1   2  2  
 2 Roman Josi               Jack Johnson             50     1   2  2  

4 vs 4 Forward 
   Center                   Wing                     Time % Phy DF OF 
 1 Mika Zibanejad           Auston Matthews          50     1   2  2  
 2 Sean Monahan             Tyler Toffoli            50     1   2  2  

4 vs 4 Defense
   Defense                  Defense                  Time % Phy DF OF 
 1 Roman Josi               Zach Bogosian            50     1   2  2  
 2 Thomas Chabot            Travis Hamonic           50     1   2  2  

Last Minutes Offensive
   Center                   Left Wing                Right Wing               Defense                  Defense                  
   Mika Zibanejad           Auston Matthews          Bryan Rust               Travis Hamonic           Roman Josi               

Last Minutes Defensive
   Center                   Left Wing                Right Wing               Defense                  Defense                  
   Jordan Staal             Mathieu Olivier          Reilly Smith             Thomas Chabot            Roman Josi               

Goaltenders
Starting : Sergei Bobrovsky         
Backup : Mackenzie Blackwood      

Extra Forwards
Normal : Jared McCann, Auston Matthews, Mika Zibanejad - PP : Jordan Staal, Mathieu Olivier - PK : Bryan Rust
Extra Defensemen
Normal : Thomas Chabot, Roman Josi, Jack Johnson - PP : Thomas Chabot - PK : Jack Johnson, Thomas Chabot
Penalty Shots
Mika Zibanejad, Mathew Barzal, Bryan Rust, Anthony Mantha, Auston Matthews

Scratches
Shea Theodore (Lower Body Injury), Cole Smith (Healthy)

% Time on Ice - Los Angeles Kings

Lines # - Real PCT - Wanted PCT - Time Play
Normal Forward
1 - 31% - 30% - 14:04
2 - 29% - 30% - 13:07
3 - 25% - 25% - 11:12
4 - 15% - 15% - 6:47
Normal Defense
1 - 35% - 35% - 16:02
2 - 35% - 35% - 15:56
3 - 29% - 30% - 13:12
4 - 0% - 0% - 0:00
PP Forward
1 - 47% - 50% - 1:23
2 - 53% - 50% - 1:32
PP Defense
1 - 65% - 50% - 1:54
2 - 35% - 50% - 1:01
PK Forward
1 - 49% - 50% - 5:17
2 - 51% - 50% - 5:29
PK Defense
1 - 50% - 50% - 5:26
2 - 50% - 50% - 5:20
PK3 Forward
1 - 0% - 50%
2 - 0% - 50%
PK3 Defense
1 - 0% - 50%
2 - 0% - 50%
44 Forward
1 - 48% - 50% - 0:30
2 - 52% - 50% - 0:33
44 Defense
1 - 57% - 50% - 0:36
2 - 43% - 50% - 0:27
Last Minute Offensive  - 0:00
Last Minute Defensive  - 0:06
Total
Forward - 60:00
Defense - 60:00

% Time on Ice - Vegas Golden Knights

Lines # - Real PCT - Wanted PCT - Time Play
Normal Forward
1 - 29% - 30% - 13:12
2 - 28% - 30% - 12:27
3 - 24% - 25% - 10:45
4 - 19% - 15% - 8:43
Normal Defense
1 - 32% - 30% - 14:28
2 - 31% - 30% - 13:46
3 - 27% - 25% - 12:17
4 - 10% - 15% - 4:36
PP Forward
1 - 50% - 50% - 5:26
2 - 50% - 50% - 5:20
PP Defense
1 - 49% - 50% - 5:19
2 - 51% - 50% - 5:27
PK Forward
1 - 51% - 50% - 1:29
2 - 49% - 50% - 1:26
PK Defense
1 - 55% - 50% - 1:36
2 - 45% - 50% - 1:19
PK3 Forward
1 - 0% - 50%
2 - 0% - 50%
PK3 Defense
1 - 0% - 50%
2 - 0% - 50%
44 Forward
1 - 41% - 50% - 0:26
2 - 59% - 50% - 0:37
44 Defense
1 - 57% - 50% - 0:36
2 - 43% - 50% - 0:27
Last Minute Offensive  - 0:09
Last Minute Defensive  - 0:00
Total
Forward - 60:00
Defense - 60:00

Play-by-Play

1st period


0:01 of 1st period - Bryan Rust wins face-off versus Seth Jarvis in neutral zone.
0:32 of 1st period - Snap shot by Jared McCann.
0:32 of 1st period - Shot Blocked by MacKenzie Weegar.
0:34 of 1st period - Slapshot by Sean Monahan.
0:34 of 1st period - Stopped by Andrei Vasilevskiy with a rebound.
0:56 of 1st period - Jansen Harkins is hit by Jordan Staal and loses puck.
1:15 of 1st period - Wrist shot by Anthony Mantha.
1:15 of 1st period - Stopped by Andrei Vasilevskiy without a rebound.
1:16 of 1st period - Andreas Athanasiou wins face-off versus Mikey Eyssimont in Los Angeles Kings zone.
1:23 of 1st period - Snap shot by Mathieu Olivier.
1:23 of 1st period - Shot Blocked by Charlie McAvoy.
1:32 of 1st period - Jack Johnson and Mikey Eyssimont fight to a draw.
1:32 of 1st period - Penalty to Jack Johnson for Fighting.
1:32 of 1st period - Penalty to Mikey Eyssimont for Fighting.
1:32 of 1st period - Penalty to Mikey Eyssimont for instigated a fight.
1:32 of 1st period - Penalty to Mikey Eyssimont for instigated a fight.
1:33 of 1st period - Bryan Rust wins face-off versus Logan Cooley in Los Angeles Kings zone.
1:52 of 1st period - K'Andre Miller is hit by Bryan Rust and loses puck.
3:32 of 1st period - Penalty to Mikey Eyssimont is over, Andrei Kuzmenko is send on ice.
4:11 of 1st period - Joseph Veleno is hit by Mika Zibanejad and loses puck.
6:12 of 1st period - Snap shot by Andrew Copp.
6:12 of 1st period - Deflect By Joseph Veleno.
6:12 of 1st period - Shot Blocked by Jordan Staal.
6:12 of 1st period - Puck is out of play.
6:13 of 1st period - Jordan Staal wins face-off versus Joseph Veleno in Vegas Golden Knights zone.
6:34 of 1st period - Auston Matthews is hit by Alex Gallant and loses puck.
6:43 of 1st period - Wrist shot by Jansen Harkins.
6:43 of 1st period - Shot Blocked by Erik Johnson.
6:55 of 1st period - Snap shot by Mathieu Olivier.
6:55 of 1st period - Stopped by Andrei Vasilevskiy with a rebound.
6:57 of 1st period - Wrist shot by Mathieu Olivier.
6:57 of 1st period - Deflect By Anthony Mantha.
6:57 of 1st period - Stopped by Andrei Vasilevskiy without a rebound.
6:58 of 1st period - Andreas Athanasiou wins face-off versus Seth Jarvis in Los Angeles Kings zone.
7:01 of 1st period - Snap shot by Anthony Mantha.
7:01 of 1st period - Goal by Anthony Mantha - Los Angeles Kings : 0 - Vegas Golden Knights : 1.
7:02 of 1st period - Jordan Staal wins face-off versus Seth Jarvis in neutral zone.
7:13 of 1st period - Wrist shot by Seth Jarvis.
7:13 of 1st period - Stopped by Sergei Bobrovsky with a rebound.
7:15 of 1st period - Slapshot by Charlie McAvoy.
7:15 of 1st period - Stopped by Sergei Bobrovsky with a rebound.
7:33 of 1st period - Snap shot by Auston Matthews.
7:33 of 1st period - Stopped by Andrei Vasilevskiy without a rebound.
7:34 of 1st period - Auston Matthews wins face-off versus Jansen Harkins in Los Angeles Kings zone.
7:47 of 1st period - Snap shot by Auston Matthews.
7:47 of 1st period - Stopped by Andrei Vasilevskiy without a rebound.
7:48 of 1st period - Sean Monahan wins face-off versus Joseph Veleno in Los Angeles Kings zone.
8:01 of 1st period - Snap shot by Jared McCann.
8:01 of 1st period - Stopped by Andrei Vasilevskiy with a rebound.
8:03 of 1st period - Slapshot by Tyler Toffoli.
8:03 of 1st period - Stopped by Andrei Vasilevskiy with a rebound.
8:09 of 1st period - Minor Penalty to Owen Power for Hooking.
8:10 of 1st period - Tyler Toffoli wins face-off versus Andrei Svechnikov in Los Angeles Kings zone.
10:09 of 1st period - Penalty to Owen Power is over, Owen Power is back on ice.
11:49 of 1st period - Anthony Mantha is hit by Alex Gallant and loses puck.
11:57 of 1st period - Icing by Mathieu Olivier.
11:58 of 1st period - Andreas Athanasiou wins face-off versus Joseph Veleno in Vegas Golden Knights zone.
12:07 of 1st period - Anthony Mantha is hit by Joseph Veleno and loses puck.
13:06 of 1st period - Wrist shot by Mathieu Olivier.
13:06 of 1st period - Stopped by Andrei Vasilevskiy without a rebound.
13:07 of 1st period - Mika Zibanejad wins face-off versus Jansen Harkins in Los Angeles Kings zone.
13:10 of 1st period - Slapshot by Bryan Rust.
13:10 of 1st period - Shot Misses the Net.
13:31 of 1st period - Minor Penalty to Vitali Kravtsov for High sticking.
13:32 of 1st period - Logan Cooley wins face-off versus Auston Matthews in Los Angeles Kings zone.
14:07 of 1st period - Slapshot by Jared McCann.
14:07 of 1st period - Shot Misses the Net.
14:09 of 1st period - Snap shot by Jared McCann.
14:09 of 1st period - Stopped by Andrei Vasilevskiy without a rebound.
14:10 of 1st period - Auston Matthews wins face-off versus Andrei Svechnikov in Los Angeles Kings zone.
14:39 of 1st period - Logan Cooley is hit by Tyler Toffoli and loses puck.
15:06 of 1st period - Seth Jarvis is hit by Reilly Smith and loses puck.
15:31 of 1st period - Penalty to Vitali Kravtsov is over, Vitali Kravtsov is back on ice.
15:33 of 1st period - K'Andre Miller is hit by Bryan Rust and loses puck.
15:46 of 1st period - K'Andre Miller is hit by Jared McCann and loses puck.
15:59 of 1st period - Wrist shot by Mika Zibanejad.
15:59 of 1st period - Deflect By Mathieu Olivier.
15:59 of 1st period - Shot Blocked by K'Andre Miller.
15:59 of 1st period - Puck is out of play.
16:00 of 1st period - Andreas Athanasiou wins face-off versus Jansen Harkins in Los Angeles Kings zone.
16:12 of 1st period - Mika Zibanejad is hit by Jansen Harkins and loses puck.
16:32 of 1st period - 10 Minutes Misconduct Penalty to Mikey Eyssimont is over.
16:46 of 1st period - Wrist shot by Jordan Staal.
16:46 of 1st period - Stopped by Andrei Vasilevskiy with a rebound.
16:48 of 1st period - Slapshot by Thomas Chabot.
16:48 of 1st period - Shot Blocked by Charlie McAvoy.
17:07 of 1st period - Snap shot by Seth Jarvis.
17:07 of 1st period - Stopped by Sergei Bobrovsky without a rebound.
17:08 of 1st period - Sean Monahan wins face-off versus Seth Jarvis in Vegas Golden Knights zone.
18:14 of 1st period - Wrist shot by Andreas Athanasiou.
18:14 of 1st period - Shot Misses the Net.
18:16 of 1st period - Slapshot by Thomas Chabot.
18:16 of 1st period - Shot Misses the Net.
19:17 of 1st period - Wrist shot by Matthew Boldy.
19:17 of 1st period - Stopped by Sergei Bobrovsky with a rebound.
19:19 of 1st period - Wrist shot by Andrei Svechnikov.
19:19 of 1st period - Stopped by Sergei Bobrovsky without a rebound.
19:20 of 1st period - Jordan Staal wins face-off versus Joseph Veleno in Vegas Golden Knights zone.
19:29 of 1st period - Erik Johnson is hit by Joseph Veleno and loses puck.
19:46 of 1st period - Owen Power is hit by Tyler Toffoli.
Goals for this period are 0 for Los Angeles Kings vs 1 for Vegas Golden Knights.
Shots for this period are 5 for Los Angeles Kings vs 12 for Vegas Golden Knights.

2nd period


0:01 of 2nd period - Mika Zibanejad wins face-off versus Joseph Veleno in neutral zone.
1:07 of 2nd period - Erik Johnson is hit by Mikey Eyssimont and loses puck.
1:54 of 2nd period - Snap shot by Jansen Harkins.
1:54 of 2nd period - Shot Misses the Net.
2:06 of 2nd period - Owen Power is hit by Zach Bogosian and loses puck.
2:19 of 2nd period - Snap shot by Matthew Boldy.
2:19 of 2nd period - Deflect By Seth Jarvis.
2:19 of 2nd period - Stopped by Sergei Bobrovsky without a rebound.
2:20 of 2nd period - Joseph Veleno wins face-off versus Mika Zibanejad in Vegas Golden Knights zone.
2:32 of 2nd period - Off-side.
2:33 of 2nd period - Joseph Veleno wins face-off versus Mika Zibanejad in neutral zone.
2:44 of 2nd period - Slapshot by Logan Cooley.
2:44 of 2nd period - Stopped by Sergei Bobrovsky with a rebound.
3:00 of 2nd period - Tyler Toffoli is hit by Matthew Boldy and loses puck.
3:05 of 2nd period - Wrist shot by Seth Jarvis.
3:05 of 2nd period - Shot Blocked by Roman Josi.
3:07 of 2nd period - Snap shot by MacKenzie Weegar.
3:07 of 2nd period - Shot Blocked by Roman Josi.
3:09 of 2nd period - Wrist shot by Matthew Boldy.
3:09 of 2nd period - Shot Misses the Net.
3:23 of 2nd period - Jansen Harkins is hit by Reilly Smith and loses puck.
3:32 of 2nd period - Snap shot by Mathew Barzal.
3:32 of 2nd period - Deflect By Jordan Staal.
3:32 of 2nd period - Stopped by Andrei Vasilevskiy with a rebound.
3:43 of 2nd period - Off-side.
3:44 of 2nd period - Joseph Veleno wins face-off versus Mika Zibanejad in neutral zone.
3:51 of 2nd period - Wrist shot by Bryan Rust.
3:51 of 2nd period - Stopped by Andrei Vasilevskiy with a rebound.
3:53 of 2nd period - Slapshot by Mika Zibanejad.
3:53 of 2nd period - Shot Blocked by Charlie McAvoy.
3:55 of 2nd period - Wrist shot by Auston Matthews.
3:55 of 2nd period - Shot Blocked by Joseph Veleno.
3:57 of 2nd period - Wrist shot by Auston Matthews.
3:57 of 2nd period - Stopped by Andrei Vasilevskiy without a rebound.
3:58 of 2nd period - Jansen Harkins wins face-off versus Sean Monahan in Los Angeles Kings zone.
4:09 of 2nd period - Wrist shot by Andrei Kuzmenko.
4:09 of 2nd period - Shot Misses the Net.
4:11 of 2nd period - Slapshot by Charlie McAvoy.
4:11 of 2nd period - Shot Blocked by Sean Monahan.
4:13 of 2nd period - Slapshot by Andrei Kuzmenko.
4:13 of 2nd period - Shot Misses the Net.
4:30 of 2nd period - Snap shot by Seth Jarvis.
4:30 of 2nd period - Shot Misses the Net.
4:32 of 2nd period - Slapshot by K'Andre Miller.
4:32 of 2nd period - Stopped by Sergei Bobrovsky with a rebound.
4:34 of 2nd period - Slapshot by K'Andre Miller.
4:34 of 2nd period - Stopped by Sergei Bobrovsky without a rebound.
4:35 of 2nd period - Mika Zibanejad wins face-off versus Joseph Veleno in Vegas Golden Knights zone.
4:39 of 2nd period - K'Andre Miller is hit by Roman Josi and loses puck.
4:48 of 2nd period - MacKenzie Weegar is hit by Mika Zibanejad and loses puck.
5:01 of 2nd period - Roman Josi is hit by Andrei Svechnikov and loses puck.
5:06 of 2nd period - Wrist shot by Andrei Svechnikov.
5:06 of 2nd period - Goal by Andrei Svechnikov - Los Angeles Kings : 1 - Vegas Golden Knights : 1.
5:07 of 2nd period - Joseph Veleno wins face-off versus Mika Zibanejad in neutral zone.
5:20 of 2nd period - Wrist shot by Logan Cooley.
5:20 of 2nd period - Shot Misses the Net.
5:22 of 2nd period - Slapshot by Ryan Suter.
5:22 of 2nd period - Stopped by Sergei Bobrovsky with a rebound.
5:33 of 2nd period - Minor Penalty to Vitali Kravtsov for High sticking.
5:34 of 2nd period - Auston Matthews wins face-off versus Logan Cooley in Los Angeles Kings zone.
6:05 of 2nd period - Andrei Svechnikov is hit by Thomas Chabot and loses puck.
6:10 of 2nd period - Wrist shot by Jared McCann.
6:10 of 2nd period - Shot Blocked by Andrei Svechnikov.
7:33 of 2nd period - Penalty to Vitali Kravtsov is over, Vitali Kravtsov is back on ice.
7:47 of 2nd period - Snap shot by Mikey Eyssimont.
7:47 of 2nd period - Stopped by Sergei Bobrovsky without a rebound.
7:48 of 2nd period - Andreas Athanasiou wins face-off versus Jansen Harkins in Vegas Golden Knights zone.
7:53 of 2nd period - Wrist shot by Andreas Athanasiou.
7:53 of 2nd period - Stopped by Andrei Vasilevskiy with a rebound.
7:58 of 2nd period - Icing by Andrei Kuzmenko.
7:59 of 2nd period - Sean Monahan wins face-off versus Jansen Harkins in Los Angeles Kings zone.
8:33 of 2nd period - Snap shot by Logan Cooley.
8:33 of 2nd period - Shot Misses the Net.
8:35 of 2nd period - Snap shot by Logan Cooley.
8:35 of 2nd period - Goal by Logan Cooley - Los Angeles Kings : 2 - Vegas Golden Knights : 1.
8:36 of 2nd period - Seth Jarvis wins face-off versus Jordan Staal in neutral zone.
8:49 of 2nd period - Slapshot by Seth Jarvis.
8:49 of 2nd period - Shot Misses the Net.
9:03 of 2nd period - Jordan Staal is hit by MacKenzie Weegar and loses puck.
9:14 of 2nd period - Snap shot by Andrei Kuzmenko.
9:14 of 2nd period - Shot Misses the Net.
9:35 of 2nd period - Minor Penalty to Sean Monahan for Interference.
9:36 of 2nd period - Andreas Athanasiou wins face-off versus Seth Jarvis in Vegas Golden Knights zone.
10:06 of 2nd period - Snap shot by Mika Zibanejad.
10:06 of 2nd period - Stopped by Andrei Vasilevskiy without a rebound.
10:07 of 2nd period - Mika Zibanejad wins face-off versus Andrei Kuzmenko in Los Angeles Kings zone.
10:31 of 2nd period - Minor Penalty to Andrei Svechnikov for Hooking.
10:32 of 2nd period - Mika Zibanejad wins face-off versus Andrei Kuzmenko in Los Angeles Kings zone.
10:33 of 2nd period - Snap shot by Auston Matthews.
10:33 of 2nd period - Stopped by Andrei Vasilevskiy without a rebound.
10:34 of 2nd period - Mika Zibanejad wins face-off versus Andrei Kuzmenko in Los Angeles Kings zone.
11:07 of 2nd period - Slapshot by Logan Cooley.
11:07 of 2nd period - Stopped by Sergei Bobrovsky without a rebound.
11:08 of 2nd period - Jansen Harkins wins face-off versus Jared McCann in Vegas Golden Knights zone.
11:09 of 2nd period - Wrist shot by Logan Cooley.
11:09 of 2nd period - Goal by Logan Cooley - Los Angeles Kings : 3 - Vegas Golden Knights : 1.
11:10 of 2nd period - Jared McCann wins face-off versus Logan Cooley in neutral zone.
11:35 of 2nd period - Penalty to Sean Monahan is over, Sean Monahan is back on ice.
11:37 of 2nd period - Auston Matthews is hit by Andrei Kuzmenko and loses puck.
11:52 of 2nd period - Wrist shot by Seth Jarvis.
11:52 of 2nd period - Stopped by Sergei Bobrovsky without a rebound.
11:53 of 2nd period - Sean Monahan wins face-off versus Matthew Boldy in Vegas Golden Knights zone.
12:03 of 2nd period - Off-side.
12:04 of 2nd period - Auston Matthews wins face-off versus Matthew Boldy in neutral zone.
12:09 of 2nd period - Wrist shot by Bryan Rust.
12:09 of 2nd period - Deflect By Reilly Smith.
12:09 of 2nd period - Goal by Reilly Smith - Los Angeles Kings : 3 - Vegas Golden Knights : 2.
12:10 of 2nd period - Seth Jarvis wins face-off versus Mika Zibanejad in neutral zone.
12:15 of 2nd period - Snap shot by Seth Jarvis.
12:15 of 2nd period - Stopped by Sergei Bobrovsky with a rebound.
12:20 of 2nd period - Minor Penalty to Matthew Boldy for Roughing.
12:21 of 2nd period - Logan Cooley wins face-off versus Sean Monahan in Los Angeles Kings zone.
12:31 of 2nd period - Snap shot by Sean Monahan.
12:31 of 2nd period - Stopped by Andrei Vasilevskiy without a rebound.
12:32 of 2nd period - Sean Monahan wins face-off versus Logan Cooley in Los Angeles Kings zone.
12:44 of 2nd period - Off-side.
12:45 of 2nd period - Auston Matthews wins face-off versus Andrei Svechnikov in neutral zone.
13:16 of 2nd period - Wrist shot by Anthony Mantha.
13:16 of 2nd period - Deflect By Andrei Svechnikov.
13:16 of 2nd period - Stopped by Andrei Vasilevskiy with a rebound.
13:18 of 2nd period - Wrist shot by Reilly Smith.
13:18 of 2nd period - Stopped by Andrei Vasilevskiy with a rebound.
13:20 of 2nd period - Snap shot by Bryan Rust.
13:20 of 2nd period - Goal by Bryan Rust - Los Angeles Kings : 3 - Vegas Golden Knights : 3.
13:21 of 2nd period - Sean Monahan wins face-off versus Joseph Veleno in neutral zone.
13:23 of 2nd period - Off-side.
13:24 of 2nd period - Joseph Veleno wins face-off versus Sean Monahan in neutral zone.
13:52 of 2nd period - Backhand shot by Seth Jarvis.
13:52 of 2nd period - Deflect By Andrei Svechnikov.
13:52 of 2nd period - Shot Blocked by Roman Josi.
13:52 of 2nd period - Puck is out of play.
13:53 of 2nd period - Seth Jarvis wins face-off versus Mika Zibanejad in Vegas Golden Knights zone.
14:02 of 2nd period - MacKenzie Weegar is hit by Mika Zibanejad and loses puck.
15:19 of 2nd period - Snap shot by Mika Zibanejad.
15:19 of 2nd period - Deflect By Auston Matthews.
15:19 of 2nd period - Shot Misses the Net.
15:19 of 2nd period - Puck is out of play.
15:20 of 2nd period - Joseph Veleno wins face-off versus Sean Monahan in Los Angeles Kings zone.
15:36 of 2nd period - Icing by Jared McCann.
15:37 of 2nd period - Sean Monahan wins face-off versus Jansen Harkins in Vegas Golden Knights zone.
15:46 of 2nd period - Wrist shot by Jared McCann.
15:46 of 2nd period - Stopped by Andrei Vasilevskiy without a rebound.
15:47 of 2nd period - Jordan Staal wins face-off versus Jansen Harkins in Los Angeles Kings zone.
15:50 of 2nd period - Backhand shot by Jordan Staal.
15:50 of 2nd period - Deflect By Reilly Smith.
15:50 of 2nd period - Shot Misses the Net.
15:50 of 2nd period - Puck is out of play.
15:51 of 2nd period - Joseph Veleno wins face-off versus Jordan Staal in Los Angeles Kings zone.
16:00 of 2nd period - Snap shot by Andrew Copp.
16:00 of 2nd period - Shot Blocked by Zach Bogosian.
16:02 of 2nd period - Slapshot by Charlie McAvoy.
16:02 of 2nd period - Shot Blocked by Thomas Chabot.
16:04 of 2nd period - Wrist shot by Andrew Copp.
16:04 of 2nd period - Stopped by Sergei Bobrovsky without a rebound.
16:05 of 2nd period - Jansen Harkins wins face-off versus Sean Monahan in Vegas Golden Knights zone.
16:54 of 2nd period - Seth Jarvis is hit by Auston Matthews and loses puck.
17:02 of 2nd period - Minor Penalty to Roman Josi for Cross-checking.
17:03 of 2nd period - Andreas Athanasiou wins face-off versus Andrei Kuzmenko in Vegas Golden Knights zone.
18:55 of 2nd period - Bryan Rust is hit by Logan Cooley and loses puck.
19:02 of 2nd period - Penalty to Roman Josi is over, Roman Josi is back on ice.
19:12 of 2nd period - Tyler Toffoli is hit by Mikey Eyssimont and loses puck.
19:19 of 2nd period - Ryan Suter is hit by Sean Monahan and loses puck.
19:32 of 2nd period - Joseph Veleno is hit by Mathew Barzal and loses puck.
Goals for this period are 3 for Los Angeles Kings vs 2 for Vegas Golden Knights.
Shots for this period are 13 for Los Angeles Kings vs 12 for Vegas Golden Knights.

3rd period


0:01 of 3rd period - Sean Monahan wins face-off versus Joseph Veleno in neutral zone.
0:06 of 3rd period - Snap shot by Sean Monahan.
0:06 of 3rd period - Stopped by Andrei Vasilevskiy with a rebound.
0:12 of 3rd period - Snap shot by MacKenzie Weegar.
0:12 of 3rd period - Shot Blocked by Travis Hamonic.
0:14 of 3rd period - Snap shot by Logan Cooley.
0:14 of 3rd period - Stopped by Sergei Bobrovsky with a rebound.
0:16 of 3rd period - Snap shot by Logan Cooley.
0:16 of 3rd period - Goal by Logan Cooley - Los Angeles Kings : 4 - Vegas Golden Knights : 3.
0:17 of 3rd period - Jordan Staal wins face-off versus Jansen Harkins in neutral zone.
2:28 of 3rd period - K'Andre Miller is hit by Roman Josi and loses puck.
2:37 of 3rd period - Slapshot by MacKenzie Weegar.
2:37 of 3rd period - Shot Blocked by Zach Bogosian.
2:39 of 3rd period - Snap shot by K'Andre Miller.
2:39 of 3rd period - Stopped by Sergei Bobrovsky with a rebound.
4:18 of 3rd period - Wrist shot by Mikey Eyssimont.
4:18 of 3rd period - Deflect By Anthony Mantha.
4:18 of 3rd period - Stopped by Sergei Bobrovsky without a rebound.
4:19 of 3rd period - Mikey Eyssimont wins face-off versus Andreas Athanasiou in Vegas Golden Knights zone.
4:21 of 3rd period - Mathieu Olivier and Mikey Eyssimont fight to a draw.
4:21 of 3rd period - Penalty to Mathieu Olivier for Fighting.
4:21 of 3rd period - Penalty to Mikey Eyssimont for Fighting.
4:22 of 3rd period - Joseph Veleno wins face-off versus Sean Monahan in neutral zone.
4:25 of 3rd period - Slapshot by MacKenzie Weegar.
4:25 of 3rd period - Shot Misses the Net.
5:19 of 3rd period - Wrist shot by Auston Matthews.
5:19 of 3rd period - Shot Blocked by Ryan Suter.
6:04 of 3rd period - Snap shot by Mika Zibanejad.
6:04 of 3rd period - Shot Blocked by Andrei Svechnikov.
6:06 of 3rd period - Wrist shot by Mika Zibanejad.
6:06 of 3rd period - Stopped by Andrei Vasilevskiy with a rebound.
6:08 of 3rd period - Slapshot by Zach Bogosian.
6:08 of 3rd period - Stopped by Andrei Vasilevskiy with a rebound.
6:10 of 3rd period - Snap shot by Roman Josi.
6:10 of 3rd period - Stopped by Andrei Vasilevskiy without a rebound.
6:11 of 3rd period - Jared McCann wins face-off versus Joseph Veleno in Los Angeles Kings zone.
6:12 of 3rd period - Slapshot by Tyler Toffoli.
6:12 of 3rd period - Shot Misses the Net.
6:14 of 3rd period - Slapshot by Sean Monahan.
6:14 of 3rd period - Shot Misses the Net.
6:16 of 3rd period - Slapshot by Erik Johnson.
6:16 of 3rd period - Stopped by Andrei Vasilevskiy without a rebound.
6:17 of 3rd period - Joseph Veleno wins face-off versus Jared McCann in Los Angeles Kings zone.
6:24 of 3rd period - Slapshot by MacKenzie Weegar.
6:24 of 3rd period - Deflect By Logan Cooley.
6:24 of 3rd period - Stopped by Sergei Bobrovsky without a rebound.
6:25 of 3rd period - Joseph Veleno wins face-off versus Sean Monahan in Vegas Golden Knights zone.
6:26 of 3rd period - Slapshot by Logan Cooley.
6:26 of 3rd period - Stopped by Sergei Bobrovsky with a rebound.
6:50 of 3rd period - Travis Hamonic is hit by K'Andre Miller and loses puck.
7:57 of 3rd period - Snap shot by Mika Zibanejad.
7:57 of 3rd period - Shot Misses the Net.
7:59 of 3rd period - Snap shot by Jack Johnson.
7:59 of 3rd period - Stopped by Andrei Vasilevskiy with a rebound.
8:01 of 3rd period - Slapshot by Jack Johnson.
8:01 of 3rd period - Stopped by Andrei Vasilevskiy without a rebound.
8:02 of 3rd period - Jansen Harkins wins face-off versus Jordan Staal in Los Angeles Kings zone.
8:04 of 3rd period - Minor Penalty to Vitali Kravtsov for Holding.
8:05 of 3rd period - Auston Matthews wins face-off versus Andrei Svechnikov in Los Angeles Kings zone.
8:49 of 3rd period - Wrist shot by Andrei Svechnikov.
8:49 of 3rd period - Goal by Andrei Svechnikov - Los Angeles Kings : 5 - Vegas Golden Knights : 3.
8:50 of 3rd period - Sean Monahan wins face-off versus Logan Cooley in neutral zone.
8:59 of 3rd period - Snap shot by Sean Monahan.
8:59 of 3rd period - Stopped by Andrei Vasilevskiy without a rebound.
9:00 of 3rd period - Sean Monahan wins face-off versus Logan Cooley in Los Angeles Kings zone.
9:11 of 3rd period - Wrist shot by Sean Monahan.
9:11 of 3rd period - Shot Blocked by Logan Cooley.
9:13 of 3rd period - Slapshot by Mathew Barzal.
9:13 of 3rd period - Stopped by Andrei Vasilevskiy with a rebound.
9:15 of 3rd period - Slapshot by Mathew Barzal.
9:15 of 3rd period - Shot Blocked by MacKenzie Weegar.
9:17 of 3rd period - Wrist shot by Tyler Toffoli.
9:17 of 3rd period - Shot Blocked by K'Andre Miller.
9:19 of 3rd period - Snap shot by Jared McCann.
9:19 of 3rd period - Goal by Jared McCann - Los Angeles Kings : 5 - Vegas Golden Knights : 4.
9:20 of 3rd period - Jansen Harkins wins face-off versus Sean Monahan in neutral zone.
9:27 of 3rd period - Snap shot by Andrei Kuzmenko.
9:27 of 3rd period - Shot Hit the Post.
9:29 of 3rd period - Slapshot by Owen Power.
9:29 of 3rd period - Stopped by Sergei Bobrovsky with a rebound.
9:31 of 3rd period - Slapshot by Alexander Romanov.
9:31 of 3rd period - Deflect By Andrei Kuzmenko.
9:31 of 3rd period - Stopped by Sergei Bobrovsky with a rebound.
9:33 of 3rd period - Snap shot by Andrei Kuzmenko.
9:33 of 3rd period - Shot Misses the Net.
9:35 of 3rd period - Backhand shot by Owen Power.
9:35 of 3rd period - Shot Misses the Net.
9:52 of 3rd period - Wrist shot by Mathew Barzal.
9:52 of 3rd period - Stopped by Andrei Vasilevskiy without a rebound.
9:53 of 3rd period - Jordan Staal wins face-off versus Seth Jarvis in Los Angeles Kings zone.
10:20 of 3rd period - Wrist shot by Jansen Harkins.
10:20 of 3rd period - Stopped by Sergei Bobrovsky with a rebound.
10:38 of 3rd period - Zach Bogosian is hit by Logan Cooley and loses puck.
10:59 of 3rd period - Mikey Eyssimont is hit by Andreas Athanasiou and loses puck.
11:22 of 3rd period - Snap shot by Matthew Boldy.
11:22 of 3rd period - Stopped by Sergei Bobrovsky with a rebound.
11:24 of 3rd period - Slapshot by Owen Power.
11:24 of 3rd period - Shot Misses the Net.
11:26 of 3rd period - Snap shot by Seth Jarvis.
11:26 of 3rd period - Stopped by Sergei Bobrovsky without a rebound.
11:27 of 3rd period - Sean Monahan wins face-off versus Joseph Veleno in Vegas Golden Knights zone.
11:59 of 3rd period - Andrei Kuzmenko is hit by Roman Josi and loses puck.
12:19 of 3rd period - Wrist shot by Anthony Mantha.
12:19 of 3rd period - Stopped by Andrei Vasilevskiy with a rebound.
12:21 of 3rd period - Wrist shot by Mathieu Olivier.
12:21 of 3rd period - Stopped by Andrei Vasilevskiy with a rebound.
12:27 of 3rd period - Slapshot by Andreas Athanasiou.
12:27 of 3rd period - Shot Misses the Net.
13:03 of 3rd period - Snap shot by Andrew Copp.
13:03 of 3rd period - Shot Misses the Net.
13:26 of 3rd period - Wrist shot by Andrew Copp.
13:26 of 3rd period - Stopped by Sergei Bobrovsky with a rebound.
13:28 of 3rd period - Backhand shot by Joseph Veleno.
13:28 of 3rd period - Stopped by Sergei Bobrovsky with a rebound.
13:30 of 3rd period - Snap shot by Owen Power.
13:30 of 3rd period - Shot Misses the Net.
13:32 of 3rd period - Wrist shot by Logan Cooley.
13:32 of 3rd period - Stopped by Sergei Bobrovsky without a rebound.
13:33 of 3rd period - Mika Zibanejad wins face-off versus Seth Jarvis in Vegas Golden Knights zone.
13:33 of 3rd period - Mika Zibanejad is hit by Matthew Boldy.
13:43 of 3rd period - Snap shot by Auston Matthews.
13:43 of 3rd period - Shot Misses the Net.
13:45 of 3rd period - Wrist shot by Auston Matthews.
13:45 of 3rd period - Stopped by Andrei Vasilevskiy with a rebound.
14:14 of 3rd period - Reilly Smith is hit by Matthew Boldy.
15:11 of 3rd period - Bryan Rust is hit by Joseph Veleno and loses puck.
15:30 of 3rd period - Erik Johnson is hit by Owen Power and loses puck.
15:54 of 3rd period - Tyler Toffoli is hit by Jansen Harkins and loses puck.
16:13 of 3rd period - Logan Cooley is hit by Anthony Mantha and loses puck.
17:24 of 3rd period - Matthew Boldy is hit by Roman Josi and loses puck.
17:35 of 3rd period - Snap shot by Mathew Barzal.
17:35 of 3rd period - Shot Misses the Net.
17:37 of 3rd period - Wrist shot by Reilly Smith.
17:37 of 3rd period - Stopped by Andrei Vasilevskiy without a rebound.
17:38 of 3rd period - Anthony Mantha wins face-off versus Mikey Eyssimont in Los Angeles Kings zone.
17:49 of 3rd period - Snap shot by Anthony Mantha.
17:49 of 3rd period - Shot Misses the Net.
17:51 of 3rd period - Wrist shot by Mathieu Olivier.
17:51 of 3rd period - Stopped by Andrei Vasilevskiy without a rebound.
17:52 of 3rd period - Jordan Staal wins face-off versus Jansen Harkins in Los Angeles Kings zone.
18:04 of 3rd period - Icing by Ryan Suter.
18:05 of 3rd period - Jansen Harkins wins face-off versus Jordan Staal in Los Angeles Kings zone.
18:30 of 3rd period - Vegas Golden Knights, Sergei Bobrovsky is pulled from the net.
18:44 of 3rd period - Wrist shot by Mika Zibanejad.
18:44 of 3rd period - Shot Misses the Net.
18:56 of 3rd period - Snap shot by Matthew Boldy.
18:56 of 3rd period - Goal by Matthew Boldy - Los Angeles Kings : 6 - Vegas Golden Knights : 4.
18:56 of 3rd period - Sergei Bobrovsky from Vegas Golden Knights was sent back in the game.
18:57 of 3rd period - Jordan Staal wins face-off versus Mikey Eyssimont in neutral zone.
19:23 of 3rd period - Andreas Athanasiou is hit by Seth Jarvis and loses puck.
19:44 of 3rd period - Zach Bogosian is hit by Seth Jarvis and loses puck.
Goals for this period are 3 for Los Angeles Kings vs 1 for Vegas Golden Knights.
Shots for this period are 16 for Los Angeles Kings vs 16 for Vegas Golden Knights.